 Seeded DCSS version 0.30.0-29-ga12c61a403 (webtiles) character file.

Game seed: 701750224110604655 (custom seed)

217 AlmostDecent the Chiller (level 5, -3/38 HPs)
             Began as a Gnoll Ice Elementalist on June 8, 2023.
             Slain by an orc
             ... wielding a +0 trident
              (8 damage)
             ... on level 4 of the Dungeon.
             The game lasted 00:06:27 (2749 turns).

AlmostDecent the Chiller (Gnoll Ice Elementalist)   Turns: 2749, Time: 00:06:28

Health: -3/38      AC:  2    Str:  7    XL:     5   Next: 94%
Magic:  12/12      EV: 13    Int: 16    God:
Gold:   256        SH:  0    Dex: 13    Spells: 5/14 levels left

rFire   . . .        r - +9 bardiche of Wu Jian, Growing {freeze, rN+ SInv}
rCold   . . .        (shield currently unavailable)
rNeg    + . .        a - +0 robe
rPois   .            (no helmet)
rElec   .            (no cloak)
rCorr   .            (no gloves)
SInv    +            (no boots)
Will    .....        (no amulet)
Stlth   +++          (no ring)
HPRegen 0.26/turn    (no ring)
MPRegen 0.13/turn

%: no passive effects
@: mighty
A: fangs 1, strong nose, distributed training
a: no special abilities


You were on level 4 of the Dungeon.
You visited 1 branch of the dungeon, and saw 4 of its levels.
You also visited: Sewer.

You collected 256 gold pieces.

Inventory:

Hand Weapons
 h - a +0 short sword
 r - the +9 bardiche of Wu Jian, Growing (weapon) {freeze, rN+ SInv}
   (You found it on level 2 of the Dungeon)

   rN:        It protects you from negative energy.
   SInv:      It lets you see invisible.
 v - the +1 war axe of Weak Prudence {flame, rPois Int-3 Dex+2 Stlth+}
   (You found it on level 3 of the Dungeon)

   Int:       It affects your intelligence (-3).
   Dex:       It affects your dexterity (+2).
   rPois:     It protects you from poison.
   Stlth:     It makes you more stealthy.
Armour
 a - a +0 robe (worn)
 j - a +1 scale mail of cold resistance
 s - an orb of guile
Jewellery
 k - a ring of positive energy
Scrolls
 c - a scroll of immolation {unknown}
 e - 4 scrolls of teleportation
 i - 2 scrolls of brand weapon {unknown}
 l - a scroll of blinking {unknown}
 p - a scroll of fog {unknown}
 q - a scroll of magic mapping {unknown}
 u - a scroll of silence {unknown}
 x - a scroll of enchant weapon {unknown}
 y - a scroll of enchant armour {unknown}
Potions
 b - a potion of magic
 f - a potion of resistance {unknown}
 g - 2 potions of brilliance {unknown}
 m - a potion of cancellation {unknown}
 n - a potion of heal wounds {unknown}
 o - a potion of haste {unknown}
 t - 4 potions of flight
 w - a potion of mutation {unknown}


   Skills:
 + Level 1.8 Fighting
 + Level 1.8 Short Blades
 + Level 1.8 Long Blades
 + Level 1.8 Axes
 + Level 1.8 Maces & Flails
 + Level 1.8 Polearms
 + Level 1.8 Staves
 + Level 1.8 Ranged Weapons
 + Level 1.8 Throwing
 + Level 1.8 Armour
 + Level 4.9 Dodging
 + Level 4.5 Stealth
 + Level 1.8 Shields
 + Level 1.8 Unarmed Combat
 + Level 5.3 Spellcasting
 + Level 1.4 Conjurations
 + Level 1.4 Hexes
 + Level 1.4 Summonings
 + Level 1.4 Necromancy
 + Level 1.4 Translocations
 + Level 1.4 Transmutations
 + Level 1.4 Fire Magic
 + Level 7.2 Ice Magic
 + Level 1.4 Air Magic
 + Level 1.4 Earth Magic
 + Level 1.4 Poison Magic
 + Level 2.0 Invocations
 + Level 1.8 Evocations


You had 5 spell levels left.
You knew the following spells:

 Your Spells              Type           Power      Damage    Failure   Level
a - Freeze                Ice            100%       1d10      1%          1
b - Frozen Ramparts       Ice            54%        1d9       2%          3
c - Ozocubu's Armour      Ice            27%        N/A       2%          3
d - Blink                 Tloc           16%        N/A       13%         2

Your spell library contained the following spells:

 Spells                   Type           Power      Damage    Failure   Level
 Lesser Beckoning         Tloc           16%        N/A       13%         2
 Momentum Strike          Conj/Tloc      16%        3d8       13%         2
 Summon Ice Beast         Ice/Summ       18%        N/A       24%         4


Dungeon Overview and Level Annotations

Branches:
Dungeon (4/15)              Sewer (visited)
 Temple: D:4-7

Altars:
Hepliaklqana

Shops:
D:1 =


Innate Abilities, Weirdness & Mutations

You have very sharp teeth.
Your uncanny sense of smell can sniff out nearby items.
Your experience applies equally to all skills.


Message History

No target in view!
No target in view!
You see here a +2 dagger of venom.
No target in view!
You see here a +0 spear.
y - a scroll labelled KUCLUTHR FIOQU An orc comes into view.
It is wielding a +0 whip.
An orc is nearby!
Found a hazy altar of Hepliaklqana.
You see here a +0 sling.
An orc comes into view. It is wielding a +0 trident.
The orc shouts! x2
An orc comes into view. It is wielding a +0 mace.
The orc shouts!
You hear a bark! x2
You barely miss the orc. The orc barely misses you.
An orc comes into view. It is wielding a +0 club.
The orc closely misses you.
The orc moves out of view.
You barely miss the orc. The orc hits you with a +0 whip.
The orc hits you from afar with a +0 trident.
A jackal comes into view.
The orc hits you from afar with a +0 trident.
The jackal barks!
You hit the orc. You freeze the orc.
The orc is almost dead.
You hear a bark!
A jelly comes into view.
The orc hits you from afar with a +0 trident!
The orc hits you with a +0 club.
The orc hits you from afar with a +0 trident!
* * * LOW HITPOINT WARNING * * *
The jelly moves out of view.
You are too injured to fight recklessly!
You are too injured to fight recklessly!
Okay, then.
It was a potion of might.
You feel very mighty all of a sudden.
A jackal comes into view.
The jackal bites you but does no damage.
The orc hits you from afar with a +0 trident!
You die...

.#.≈≈≈≈≈≈≈≈≈.#.#
#.≈.......≈...#
...≈.#####.≈.###
.#.≈.. #.≈..# #
...≈.#._.#.≈..####.#
...≈.#.....≈.......#
.#.≈.#####.≈.##)##.#
....≈.##.##.#
≈≈≈≈≈≈....@h.#
.......##.#oo#
...###. #o#..# ...
.. .....h. #.##..#.#
.. ..#.# ... .## #
##. ##


You could see 3 orcs and 2 jackals.

Vanquished Creatures
  An orc wizard (D:3)
  A sickly merfolk siren (Sewer)
  A malarious merfolk avatar (Sewer)
  4 adders (D:2)
  A river rat (Sewer)
  2 worms
  2 dart slugs (D:1)
  7 orcs (D:3)
  6 ball pythons
  6 endoplasms
  2 giant cockroaches (Sewer)
  3 goblins (D:1)
  4 hobgoblins
  8 kobolds
  5 quokkas
  8 bats
  4 frilled lizards
  25 rats
90 creatures vanquished.

Notes
Turn   | Place    | Note
-------+----------+-------------------------------------------
     0 | D:1      | AlmostDecent the Gnoll Ice Elementalist began the quest for
                  | the Orb.
     0 | D:1      | Reached XP level 1. HP: 13/13 MP: 6/6
   144 | D:1      | Reached XP level 2. HP: 15/19 MP: 2/7
   568 | D:1      | Found Dumaxi's Jewellery Emporium.
   768 | D:1      | Reached skill level 5 in Spellcasting
   768 | D:1      | Reached XP level 3. HP: 25/25 MP: 5/9
   914 | D:2      | Reached skill level 1 in Invocations
   918 | D:2      | Learned a level 3 spell: Frozen Ramparts
   922 | D:2      | Learned a level 3 spell: Ozocubu's Armour
   925 | D:2      | Learned a level 2 spell: Blink
  1140 | D:2      | Reached skill level 1 in Fighting
  1140 | D:2      | Reached skill level 1 in Short Blades
  1140 | D:2      | Reached skill level 1 in Long Blades
  1140 | D:2      | Reached skill level 1 in Axes
  1140 | D:2      | Reached skill level 1 in Maces & Flails
  1140 | D:2      | Reached skill level 1 in Polearms
  1140 | D:2      | Reached skill level 1 in Staves
  1140 | D:2      | Reached skill level 1 in Ranged Weapons
  1140 | D:2      | Reached skill level 1 in Throwing
  1140 | D:2      | Reached skill level 1 in Armour
  1140 | D:2      | Reached skill level 1 in Shields
  1140 | D:2      | Reached skill level 1 in Unarmed Combat
  1140 | D:2      | Reached skill level 1 in Evocations
  1219 | D:2      | Reached XP level 4. HP: 27/32 MP: 8/11
  1640 | D:2      | Identified the +9 bardiche of Wu Jian, Growing {freeze, rN+
                  | SInv}
  1809 | D:3      | Reached skill level 1 in Conjurations
  1809 | D:3      | Reached skill level 1 in Hexes
  1809 | D:3      | Reached skill level 1 in Summonings
  1809 | D:3      | Reached skill level 1 in Necromancy
  1809 | D:3      | Reached skill level 1 in Translocations
  1809 | D:3      | Reached skill level 1 in Transmutations
  1809 | D:3      | Reached skill level 1 in Fire Magic
  1809 | D:3      | Reached skill level 1 in Air Magic
  1809 | D:3      | Reached skill level 1 in Earth Magic
  1809 | D:3      | Reached skill level 1 in Poison Magic
  1958 | D:3      | Reached XP level 5. HP: 32/37 MP: 7/12
  1968 | D:3      | Found a glowing drain.
  1977 | Sewer    | Entered a sewer
  2373 | D:3      | Identified the +1 war axe of Weak Prudence {flame, rPois
                  | Int-3 Dex+2 Stlth+}
  2742 | D:4      | Found a hazy altar of Hepliaklqana.
  2749 | D:4      | Slain by an orc

Illustrated notes

Levels and vault maps discovered:
D:1:      dpeg_arrival_orchard, layout_loops_ring, serial_shops, shop
D:2:      layout_loops_cross
D:3:      layout_basic, portal_sewer_entry_b, kennysheep_nub,
          serial_bayou_pond_d
D:4:      layout_loops_cross, mainiacjoe_overflow_brackets, uniq_grinder,
          uniq_crazy_yiuf_cottage

Skill      XL: |  1  2  3  4  5 |
---------------+----------------+-----
Spellcasting   | 5 |  5.3
Invocations    | 1 2 |  2.0
Fighting       | 1 |  1.8
Short Blades   | 1 |  1.8
Long Blades    | 1 |  1.8
Axes           | 1 |  1.8
Maces & Flails | 1 |  1.8
Polearms       | 1 |  1.8
Staves         | 1 |  1.8
Ranged Weapons | 1 |  1.8
Throwing       | 1 |  1.8
Armour         | 1 |  1.8
Shields        | 1 |  1.8
Unarmed Combat | 1 |  1.8
Evocations     | 1 |  1.8
Conjurations   | 1 |  1.4
Hexes          | 1 |  1.4
Summonings     | 1 |  1.4
Necromancy     | 1 |  1.4
Translocations | 1 |  1.4
Transmutations | 1 |  1.4
Fire Magic     | 1 |  1.4
Air Magic      | 1 |  1.4
Earth Magic    | 1 |  1.4
Poison Magic   | 1 |  1.4
Dodging        | |  4.9
Stealth        | |  4.5
Ice Magic      | |  7.2

Action                     |  1- 3 |  4- 6 || total
---------------------------+-------+-------++-------
  Melee: Unarmed           |    11 |       ||    11
         Bite              |     1 |     6 ||     7
         Short sword       |     5 |     4 ||     9
         Bardiche          |       |    99 ||    99
   Cast: Freeze            |    36 |    16 ||    52
         Frozen Ramparts   |       |     1 ||     1
    Use: Potion            |       |     1 ||     1
   Stab: Sleeping          |       |    12 ||    12
 Armour: Robe              |     4 |    19 ||    23
  Dodge: Dodged            |    33 |    82 ||   115
